 Dungeon Crawl Stone Soup version 0.28.0-43-g3370ac3207 (webtiles) character file.

Game seed: 9188088286505314236

34925 crimpus the Basher (level 13, -12/114 HPs)
             Began as a Demigod Fighter on Mar 8, 2022.
             Mangled by Rupert
             ... wielding a +3 great mace of holy wrath
              (15 damage)
             ... on level 13 of the Dungeon.
             The game lasted 00:43:02 (21869 turns).

crimpus the Basher (Demigod Fighter)               Turns: 21869, Time: 00:43:02

Health: -12/114    AC: 26    Str: 29    XL:     13   Next: 14%
Magic:  16/16      EV:  8    Int: 12    God:
Gold:   697        SH:  6    Dex: 17    Spells: 12/12 levels left

rFire   + + .      SeeInvis .   o - +8 mace (holy)
rCold   . . .      Faith    .   c - +0 buckler
rNeg    . . .      Spirit   .   n - +0 plate armour
rPois   .          Reflect  .   g - +0 helmet
rElec   .          Harm     .   a - +1 cloak {rCorr}
rCorr   +          Rampage  .   H - +1 pair of gloves
Will    +....                   e - +0 pair of boots
Stlth   ..........              l - amulet of regeneration
HPRegen 1.89/turn               u - ring of protection from fire
MPRegen 0.15/turn               (no ring)

@: no status effects
A: high MP 1, forlorn, divine attributes, iridescent scales 1, clever 1, fire
resistance 1, regeneration 1, noise suppression
a: no special abilities


You were on level 13 of the Dungeon.
You visited 1 branch of the dungeon, and saw 14 of its levels.
You visited the Abyss 1 time.

You collected 862 gold pieces.
You spent 165 gold pieces at shops.

Inventory:

Hand Weapons
 o - a +8 mace of holy wrath (weapon)
 v - the +4 whip of Budifiak {vorpal, rC- rN++ Str+2 Stlth+}
   (You bought it in a shop on level 7 of the Dungeon)

   It inflicts extra damage upon your enemies.
   Str:       It affects your strength (+2).
   rC:        It makes you vulnerable to cold.
   rN:        It greatly protects you from negative energy.
   Stlth:     It makes you more stealthy.
Missiles
 y - a throwing net (quivered)
Armour
 a - a +1 cloak of preservation (worn)
 c - a +0 buckler (worn)
 e - a +0 pair of boots (worn)
 g - a +0 helmet (worn)
 n - a +0 plate armour (worn)
 H - a +1 pair of gloves (worn)
Jewellery
 h - an amulet of guardian spirit
 l - an amulet of regeneration (around neck)
 u - a ring of protection from fire (left hand)
 A - an amulet of magic regeneration
 I - a ring of magical power
Wands
 k - a wand of iceblast (11)
 m - a wand of paralysis (9)
 s - a wand of charming (19)
 w - a wand of polymorph (17)
 B - a wand of mindburst (5)
 C - a wand of acid (12)
Scrolls
 b - 9 scrolls of identify
 i - 2 scrolls of magic mapping
 r - 2 scrolls of enchant armour
 x - a scroll of silence
 F - a scroll of amnesia
Potions
 f - 3 potions of flight


   Skills:
 + Level 10.4 Fighting
 + Level 13.6 Maces & Flails
 + Level 12.9 Armour
 + Level 5.5 Shields


You had 12 spell levels left.
You didn't know any spells.
Your spell library contained the following spells:

 Spells                   Type           Power      Damage    Failure   Level
 Conjure Flame            Conj/Fire      0%         6-21      100%        3
 Dazzling Flash           Conj/Hex       0%         N/A       100%        3
 Ignite Poison            Fire/Tmut/Pois 0%         N/A       100%        3
 Fulminant Prism          Conj/Hex       0%         3d6       100%        4
 Hailstorm                Conj/Ice       0%         3d3       100%        4
 Ice Form                 Ice/Tmut       0%         N/A       100%        4
 Iskenderun's Mystic Bla  Conj/Tloc      0%         2d3       100%        4
 Sticky Flame             Conj/Fire      0%         2d3       100%        4
 Agony                    Necr           0%         N/A       100%        5
 Lee's Rapid Deconstruct  Erth           0%         3d5*      100%        5
 Silence                  Hex/Air        0%         N/A       100%        5
 Simulacrum               Ice/Necr       0%         N/A       100%        6


Dungeon Overview and Level Annotations

Branches:
Dungeon (14/15) Temple (0/1) D:4 Lair (0/6) D:9 Orc (0/2) D:11 Vaults (0/5) D:13 D:14

Shops:
D:7 (   D:13 *

Annotations:
D:13 Rupert


Innate Abilities, Weirdness & Mutations

You have an increased reservoir of magic. (+10% MP)
You shall have no god before yourself.
Your divine heritage dramatically boosts your attributes as you level up.
You are partially covered in iridescent scales. (AC +2)
Your mind is acute. (Int +2)
Your flesh is heat resistant. (rF+)
Your natural rate of healing is unusually fast.
You passively dampen the noise of your surroundings.


Message History

Rupert roars madly and goes into a rage!
Rupert goes berserk!
The human hits you.
The human hits you but does no damage. x2
You sock the human!
The human is heavily wounded.
Rupert hits you with a +3 great mace of holy wrath!
The human hits you but does no damage. x3; The human closely misses you.
The human barely misses you.
The human hits you but does no damage. x2
You closely miss the human.
The human is moderately wounded.
Rupert hits you with a +3 great mace of holy wrath!!
The human hits you but does no damage. x2; The human barely misses you.
The human completely misses you.
You sock the human!
The human is moderately wounded.
Rupert hits you with a +3 great mace of holy wrath!
The human barely misses you. The human closely misses you.
The human hits you but does no damage.
Rupert hits you with a +3 great mace of holy wrath!!
The human hits you but does no damage. The human closely misses you.
The human hits you. The human hits you but does no damage.
You sock the human!
The human is heavily wounded.
The human hits you but does no damage. The human barely misses you.
The human hits you but does no damage.
Rupert hits you with a +3 great mace of holy wrath!!
* * * LOW HITPOINT WARNING * * *
You hit the human.
The human is heavily wounded.
The human barely misses you.
The human hits you but does no damage. x2
The human barely misses you. x2
Rupert hits you with a +3 great mace of holy wrath!
* * * LOW HITPOINT WARNING * * *
The human hits you but does no damage. x2
Unknown command.
You are too confused!
You thump the human!
The human is severely wounded.
You feel less confused.
Rupert hits you with a +3 great mace of holy wrath!
You die...

##.# #...##.....##.# #.......#
#^# #...##.....##.# #.......#
##.####...##.....##.####.......#
..........##.....##............#
....###......###.###############
....###...........#
........##........#
..##########...p@p#
...........'...p@p#
############...ppp#
######......# #...........#
#..........[# #.......#####
#########


You could see Rupert (berserk) and 7 humans.

Vanquished Creatures
  Azrael (D:13)
  The ghost of Deukiw the Imperceptible, a journeyman SpEn of Gozag (D:13)
  Josephine (D:13)
  2 hydras
  A rakshasa (D:13)
  10 two-headed ogres
  A centaur warrior (D:13)
  A catoblepas (D:12)
  A tengu warrior (D:13)
  Urug (D:10)
  A wretched star (Abyss:2)
  An anaconda zombie (Abyss:2)
  An obsidian statue (D:10)
  2 deep elf pyromancers
  A wizard (D:10)
  A mana viper (shapeshifter) (D:10)
  An orc knight (D:10)
  4 manticores
  4 cyclopes
  A worldbinder (Abyss:2)
  An elephant (D:9)
  Joseph (D:8)
  An apocalypse crab (Abyss:2)
  A smoke demon (Abyss:2)
  A gargoyle (D:11)
  A komodo dragon (D:11)
  An unseen horror (D:12)
  Maggie (D:9)
  3 tengu conjurers (D:12)
  2 kobold demonologists (D:11)
  An ancient zyme (Abyss:2)
  A meliai (shapeshifter) (D:8)
  A troll (D:10)
  2 slime creatures (D:10)
  A hornet (D:9)
  A flying skull (Abyss:2)
  A vampire (D:7)
  2 shadows
  7 wraiths
  Sigmund (D:5)
  A spriggan (shapeshifter) (D:12)
  A wyvern (D:9)
  A basilisk (D:9)
  21 yaks
  8 humans (D:13)
  3 fire elementals
  Eustachio (D:5)
  5 fire bats
  3 steam dragons
  A vampire mosquito (D:10)
  An acid dragon (D:9)
  Menkaure (D:5)
  A water moccasin (D:6)
  A hell hound (D:12)
  4 orc warriors
  A black bear (D:9)
  A swamp drake (D:11)
  2 hornet zombies
  A sky beast (D:8)
  A necrophage (D:7)
  A large abomination (Abyss:2)
  3 ogres
  8 centaurs
  A phantom (D:5)
  2 kobold brigands
  A gnoll sergeant (D:9)
  3 bullfrogs
  A scorpion (D:5)
  A water moccasin zombie (D:6)
  4 small abominations (Abyss:2)
  A wyvern skeleton (D:6)
  15 killer bees
  4 wights (D:10)
  5 howler monkeys
  3 bullfrog zombies (D:6)
  12 centaur zombies
  2 hounds
  2 centaur skeletons (D:6)
  2 jellies
  3 bullfrog skeletons
  4 orc priests
  Crazy Yiuf (D:2)
  An iguana (D:6)
  10 orc wizards
  A hound skeleton (D:5)
  A howler monkey zombie (D:6)
  Robin (D:2)
  8 gnolls
  4 howler monkey skeletons
  7 adders
  A white imp (D:8)
  An ufetubus (D:5)
  6 worms
  5 dart slugs
  30 orcs
  5 endoplasms
  4 giant cockroaches
  16 goblins
  11 hobgoblins
  4 jackals (D:2)
  13 kobolds
  3 quokkas
  6 ball pythons
  4 bats
  6 rats
354 creatures vanquished.

Vanquished Creatures (others)
  3 withered plants (D:6)
3 creatures vanquished.

Grand Total: 357 creatures vanquished

Notes
Turn   | Place    | Note
-------+----------+-------------------------------------------
     0 | D:1      | crimpus the Demigod Fighter began the quest for the Orb.
     0 | D:1      | Reached XP level 1. HP: 18/18 MP: 3/3
   332 | D:1      | Reached XP level 2. HP: 18/26 MP: 4/4
   665 | D:1      | Reached skill level 2 in Maces & Flails
  1182 | D:2      | Reached XP level 3. HP: 26/31 MP: 5/5
  1269 | D:2      | Noticed Robin
  1282 | D:2      | Killed Robin
  2058 | D:2      | Reached XP level 4. HP: 11/38 MP: 3/6
  2449 | D:2      | You fall into a shaft and drop 1 floor!
  2671 | D:2      | Found a runed translucent door.
  2672 | D:2      | Noticed Crazy Yiuf
  2878 | D:2      | Killed Crazy Yiuf
  2879 | D:2      | Reached skill level 3 in Maces & Flails
  3977 | D:3      | Reached XP level 5. HP: 36/45 MP: 7/7
  4389 | D:4      | Found a staircase to the Ecumenical Temple.
  5463 | D:5      | Entered Level 5 of the Dungeon
  5642 | D:5      | Reached XP level 6. HP: 39/51 MP: 8/8
  5656 | D:5      | Noticed Menkaure
  5669 | D:5      | Killed Menkaure
  5670 | D:5      | Reached skill level 4 in Maces & Flails
  5954 | D:5      | Noticed Sigmund
  5973 | D:5      | Killed Sigmund
  5974 | D:5      | Reached skill level 5 in Maces & Flails
  5974 | D:5      | Reached XP level 7. HP: 41/59 MP: 9/9
  6727 | D:6      | Reached skill level 5 in Armour
  6764 | D:6      | Reached XP level 8. HP: 53/67 MP: 10/10
  6769 | D:6      | Reached skill level 6 in Maces & Flails
  6837 | D:6      | Noticed Eustachio
  6873 | D:5      | Killed Eustachio
  7025 | D:6      | Reached skill level 5 in Shields
  7348 | D:5      | Reached skill level 5 in Fighting
  7790 | D:6      | Reached skill level 7 in Maces & Flails
  8062 | D:6      | Gained mutation: You are partially covered in iridescent
                  | scales. (AC +2) [potion of mutation]
  8062 | D:6      | Gained mutation: Your natural rate of healing is unusually
                  | fast. [potion of mutation]
  8062 | D:6      | Gained mutation: You passively dampen the noise of your
                  | surroundings. [potion of mutation]
  8062 | D:6      | Gained mutation: You have hidden genetic potential. [potion
                  | of mutation]
  8299 | D:6      | Reached XP level 9. HP: 65/74 MP: 11/11
  8607 | D:7      | Found Laryuzom's Antique Weapon Emporium.
  8616 | D:7      | Bought a steaming whip for 165 gold pieces
  8616 | D:7      | Identified the +4 whip of Budifiak {vorpal, rC- rN++ Str+2
                  | Stlth+} (You bought it in a shop on level 7 of the Dungeon)
  8784 | D:7      | Reached skill level 8 in Maces & Flails
  9607 | D:8      | Gained mutation: Your mind is acute. (Int +2) [hidden
                  | potential]
  9619 | D:8      | Noticed Joseph
  9646 | D:8      | Killed Joseph
  9676 | D:8      | Noticed a two-headed ogre
  9703 | D:8      | Killed a two-headed ogre
  9704 | D:8      | Reached skill level 9 in Maces & Flails
  9961 | D:8      | Reached XP level 10. HP: 84/84 MP: 13/13
 10006 | D:8      | Identified the +1 robe of the Wasteland {rF+ Regen+ Int-4}
 10645 | D:9      | Found a staircase to the Lair.
 10645 | D:9      | Noticed an elephant
 10685 | D:9      | Killed an elephant
 10782 | D:9      | Gained mutation: Your flesh is heat resistant. (rF+)
                  | [hidden potential]
 10782 | D:9      | Lost mutation: You have hidden genetic potential. [hidden
                  | potential expressed]
 10943 | D:9      | Noticed Maggie
 10955 | D:9      | Killed Maggie
 11083 | D:9      | Reached skill level 10 in Maces & Flails
 11544 | D:10     | Entered Level 10 of the Dungeon
 11560 | D:10     | Noticed a two-headed ogre
 11598 | D:10     | Killed a two-headed ogre
 11614 | D:10     | Reached XP level 11. HP: 43/93 MP: 14/14
 11743 | D:10     | Noticed an orc knight
 11761 | D:10     | Killed an orc knight
 11762 | D:10     | Reached skill level 11 in Maces & Flails
 11795 | D:10     | Noticed a five-headed hydra
 12068 | D:10     | Noticed a two-headed ogre
 12080 | D:10     | Killed a two-headed ogre
 12277 | D:10     | Noticed a two-headed ogre
 12290 | D:10     | Killed a two-headed ogre
 12479 | D:10     | Reached skill level 10 in Armour
 12575 | D:10     | Noticed a deep elf pyromancer
 12587 | D:10     | Killed a five-headed hydra
 12600 | D:10     | Killed a deep elf pyromancer
 12824 | D:10     | Noticed a wizard
 12848 | D:10     | Reached skill level 12 in Maces & Flails
 12862 | D:10     | Cast into level 2 of the Abyss (a wizard)
 13030 | Abyss:2  | Noticed a wretched star
 13071 | Abyss:2  | Killed a wretched star
 13359 | Abyss:2  | Noticed an orb spider
 13395 | D:10     | Escaped the Abyss
 13424 | D:10     | Noticed a two-headed ogre
 13434 | D:10     | Killed a two-headed ogre
 13465 | D:10     | Noticed a two-headed ogre
 13476 | D:10     | Killed a two-headed ogre
 13510 | D:10     | Noticed Urug
 13530 | D:10     | Killed Urug
 13562 | D:10     | Noticed a two-headed ogre
 13583 | D:10     | Killed a two-headed ogre
 13685 | D:10     | Reached XP level 12. HP: 81/104 MP: 15/15
 16106 | D:11     | Found a staircase to the Orcish Mines.
 16237 | D:11     | Reached skill level 13 in Maces & Flails
 16886 | D:12     | Noticed a five-headed hydra
 16924 | D:11     | Killed a five-headed hydra
 17986 | D:12     | Reached skill level 10 in Fighting
 18456 | D:13     | Noticed a centaur warrior
 18459 | D:13     | Noticed Josephine
 18823 | D:13     | Found Seddium's General Store.
 19160 | D:13     | Noticed a catoblepas
 19441 | D:12     | Killed a catoblepas
 19894 | D:13     | Killed a centaur warrior
 19950 | D:13     | Killed Josephine
 20246 | D:13     | Noticed Azrael
 20757 | D:12     | Reached XP level 13. HP: 112/113 MP: 16/16
 20769 | D:13     | Killed Azrael
 21154 | D:13     | Found a runed translucent door.
 21156 | D:13     | Noticed Deukiw's ghost (journeyman SpEn)
 21524 | D:13     | Killed Deukiw's ghost
 21807 | D:14     | Noticed Rupert
 21807 | D:14     | Found a gate to the Vaults.
 21868 | D:13     | HP: 2/114 [Rupert/+3 great mace of holy wrath (15)]
 21869 | D:13     | Mangled by Rupert

Illustrated notes

Levels and vault maps discovered:
D:1:      eino_arrival_tree_alley, layout_basic, basic_ecumenical_altar,
          st_stairs_6, minmay_misc_feat_rugged
D:2:      layout_loops_corners, chequers_serial_rivers_small_3,
          hangedman_decor_riveting, uniq_robin, uniq_crazy_yiuf_cottage
D:3:      layout_basic
D:4:      layout_basic, mainiacjoe_overflow_six_doors_small, lemuel_tele_altar,
          minmay_temple_entry_nine_rooms
D:5:      layout_loops_ring, uniq_menkaure, uniq_sigmund
D:6:      layout_cave_pools, kennysheep_mini, grunt_temple_overflow_opulence,
          ashenzari_altar_1, serial_undead, serial_undead_f, serial_undead_e,
          serial_undead_f, serial_undead_a, serial_undead_b, serial_undead_b,
          uniq_eustachio
D:7:      layout_loops_ring, overflow_temple_1_default,
          nzn_wu_jian_contemplation, lemuel_doored_altar, serial_shops,
          shop_fountains
D:8:      layout_loops_ring, mainiacjoe_overflow_tiny_flanked, uniq_joseph
D:9:      kennysheep_six_static_rooms, layout_loops_corners, david_lair_generic,
          uniq_maggie
D:10:     minmay_the_grid_3x2 [minmay_the_grid_minigrid_large,
          minmay_the_grid_spin_star, minmay_the_grid_minigrid_small,
          minmay_the_grid_plusring, minmay_the_grid_aliased_spiral,
          minmay_the_grid_prize_four_corners], layout_rooms, serial_aquarium,
          aquarium_bridge_straight [aquarium_subvault_bridge,
          aquarium_subvault_balcony, aquarium_subvault_bridge,
          aquarium_subvault_wall], aquarium_bridge_island_large
          [aquarium_subvault_large_4_pools, aquarium_subvault_bridge,
          aquarium_subvault_wall, aquarium_subvault_bridge,
          aquarium_subvault_window], aquarium_window_corridor_3,
          aquarium_window_fake, aquarium_window_corner, aquarium_view_4,
          aquarium_view_2b, grunt_ministairs_2, minivault_16, uniq_urug
D:11:     layout_long_grid, erik_orc_1, st_stairs_10, kennysheep_generic_room_16
D:12:     layout_small_grid, nicolae_tso_swordbearing_angel
D:13:     layout_basic, ebering_ghost_inner_flame, serial_shops,
          kennysheep_mini_moat, uniq_josephine, uniq_azrael
D:14:     layout_big_octagon, david_vaults_3, chequers_serial_rivers_micro_e

Skill      XL: |  1  2  3  4  5  6  7  8  9 10 11 12 |
---------------+-------------------------------------+-----
Fighting       | 3 4 5 6 7 9 10 | 10.4
Armour         | 3 4 5 6 8 9 10 12 | 12.9
Maces & Flails | 2 3 5 7 9 10 12 13 | 13.6
Shields        | 3 4 5 |  5.5

Action                   |  1- 3 |  4- 6 |  7- 9 | 10-12 | 13-15 || total
-------------------------+-------+-------+-------+-------+-------++-------
Melee: Flail             |   192 |    16 |       |       |       ||   208
       Mace              |       |   277 |    54 |   577 |   122 ||  1030
       Whip              |       |       |   475 |   590 |       ||  1065
Evoke: Wand              |       |       |       |     1 |       ||     1
  Use: Potion            |     2 |     5 |     3 |     9 |     4 ||    23
       Scroll            |     3 |     4 |     6 |    12 |     1 ||    26
 Stab: Paralysed         |       |       |       |     1 |       ||     1
       Confused          |       |       |       |     1 |       ||     1
Armor: Scale mail        |    79 |       |       |       |       ||    79
       Chain mail        |    44 |    54 |       |       |       ||    98
       Plate armour      |       |   133 |   450 |   808 |   163 ||  1554
Dodge: Dodged            |    85 |    69 |   200 |   298 |    61 ||   713
Block: Buckler           |    45 |    69 |   176 |   315 |    46 ||   651
